 Dungeon Crawl Stone Soup version 0.30.1-1-g62c8e00024 (webtiles) character file.

Game seed: 12491364915821863967

13 Peloso the Shield-Bearer (level 2, -2/27 HPs)
             Began as a Minotaur Fighter on July 17, 2023.
             Slain by a goblin
             ... wielding a +0 club
             ... led by Robin
              (4 damage)
             ... on level 1 of the Dungeon.
             The game lasted 00:01:04 (553 turns).

Peloso the Shield-Bearer (Minotaur Fighter)          Turns: 553, Time: 00:01:05

Health: -2/27      AC:  7    Str: 20    XL:     2   Next: 24%
Magic:  1/1        EV:  9    Int:  5    God:
Gold:   47         SH:  4    Dex:  9    Spells: 1/1 levels left

rFire   . . .        a - +0 long sword
rCold   . . .        c - +0 buckler
rNeg    . . .        b - +0 scale mail
rPois   .            (helmet restricted)
rElec   .            (no cloak)
rCorr   .            (no gloves)
SInv    .            (no boots)
Will    .....        (no amulet) Stlth
                     (no ring)
HPRegen 0.24/turn    (no ring)
MPRegen 0.07/turn

%: no passive effects
@: no status effects
A: horns 2, retaliatory headbutt
a: no special abilities


You were on level 1 of the Dungeon.
You visited 1 branch of the dungeon, and saw 2 of its levels.

You collected 47 gold pieces.

Inventory:

Hand Weapons
 a - a +0 long sword (weapon)
Armour
 b - a +0 scale mail (worn)
 c - a +0 buckler (worn)
Scrolls
 e - a scroll of noise {unknown}
 f - 2 scrolls of teleportation
 g - a scroll of identify
 h - a scroll of poison
Potions
 d - 2 potions of might


   Skills:
 + Level 3.9 Fighting
 + Level 2.4 Long Blades
 + Level 3.9 Armour
 + Level 3.9 Shields


You had one spell level left.
You didn't know any spells.
Your spell library was empty.

Dungeon Overview and Level Annotations

Branches:
Dungeon (2/15)

Altars:

Annotations:
D:2 Robin


Innate Abilities, Weirdness & Mutations

You have a pair of horns on your head.
You reflexively headbutt those who attack you in melee.


Message History

The hobgoblin shouts!
The goblin shouts! x6; The hobgoblin shouts!
Found a robe.
There is a stone staircase leading up here.
There are monsters nearby!
You closely miss the goblin.
The goblin hits you with a +1 dagger of holy wrath.
Robin throws the goblin at you! The goblin hits you but does no damage.
The hobgoblin closely misses you. You furiously retaliate!
You headbutt the hobgoblin!
You kill the hobgoblin!
You block the goblin's attack. x2
Robin roars a battlecry!
The goblins go into a battle-frenzy!
The goblin hits you with a +0 club.
You climb upwards.
There is a stone staircase leading down here.
You hit the goblin but do no damage. You block the goblin's attack.
The goblin barely misses you.
The goblin hits you with a +1 dagger of holy wrath.
You barely miss the goblin. The goblin hits you with a +0 club. x2
The goblin hits you but does no damage. The goblin barely misses you.
The goblin hits you but does no damage. You block the goblin's attack.
The goblin hits you but does no damage. The goblin barely misses you.
Unknown command.
You barely miss the goblin. You block the goblin's attack. x2
The goblin hits you with a +0 club.
* * * LOW HITPOINT WARNING * * *
The goblin hits you but does no damage.
You miss the goblin. The goblin hits you with a +0 club.
* * * LOW HITPOINT WARNING * * *
The goblin closely misses you. You block the goblin's attack.
The goblin hits you but does no damage.
You barely miss the goblin. Your headbutt misses the goblin.
The goblin barely misses you. The goblin hits you with a +0 club.
* * * LOW HITPOINT WARNING * * *
The goblin hits you with a +1 dagger of holy wrath.
* * * LOW HITPOINT WARNING * * *
You block the goblin's attack. The goblin hits you but does no damage.
You block the goblin's attack. The goblin hits you with a +0 club.
You die...

......#.#####........#.######.#
....###........#.....#.######.#
....# #............#.#)......>#
....######.....#####.########.#
....8##.......(......##.......#
....###.##.#..#####..##.####..#
....##...#.#..#####..##.# #..###
....8#.....#...ggg......# #.....
....##......>.##@##....## #..##.
....##.....##.##g##)##.#####..##.
....8#...#.##.........#....#..##.
....###.##.#####.#.###.##.....##.
....###.##.# #.#.# #....#...##.
....8##.##.#####.#.# #.##.....##.
....##...........#.###.####......
......#...)####........####.####.
....###.....................# #.


You could see 4 goblins.

Vanquished Creatures
  A ball python (D:1)
  A giant cockroach (D:1)
  2 hobgoblins
  2 bats (D:1)
  4 kobolds (D:1)
  A rat (D:1)
11 creatures vanquished.

Notes
Turn   | Place    | Note
-------+----------+-------------------------------------------
     0 | D:1      | Peloso the Minotaur Fighter began the quest for the Orb.
     0 | D:1      | Reached XP level 1. HP: 19/19 MP: 0/0
   327 | D:1      | Reached XP level 2. HP: 27/27 MP: 1/1
   545 | D:2      | Noticed Robin
   553 | D:1      | Slain by a goblin

Illustrated notes

Levels and vault maps discovered:
D:1:      psy_arrival_heroes, layout_loops_ring
D:2:      layout_rooms, dreamdust_ecumenical_altar_angels_and_demons,
          serial_aquarium, aquarium_bridge_square [aquarium_subvault_bridge,
          aquarium_subvault_bridge, aquarium_subvault_bridge,
          aquarium_subvault_bridge], aquarium_bridge_island_small
          [aquarium_subvault_small_water, aquarium_subvault_bridge,
          aquarium_subvault_bridge, aquarium_subvault_balcony,
          aquarium_subvault_wall], aquarium_window_1, aquarium_window_1,
          aquarium_window_corridor_3, aquarium_view_2c, st_stairs_10,
          uniq_robin, uniq_terence

Action                     || total
---------------------------++-------
  Melee: Long sword        ||    30
         Headbutt          ||     3
    Use: Potion            ||     1
         Scroll            ||     2
 Armour: Scale mail        ||    17
  Dodge: Dodged            ||    17
  Block: Buckler           ||    15
